AoeStats
← 545434

Four Lakes

510034364Analyzed
1v1 RM · 2d ago on Sep 29, 2026· 31m 6s· 2 players
Game mode
Random Map
Map size
Tiny (2 player)
Population
200
Speed
Normal
Resources
Standard
Victory
Conquest
Starting age
Dark Age
Ending age
Imperial Age
RankedLock teamsTeams togetherTeam positionsShared explorationLock speedFull tech treeHidden civsTurbo modeCheats
Victory
Defeat
🇧🇷 Berbers · Brazil
996
+15
🇨🇦 Mongols · Canada
974
-15
545434
9:36 Feudal Age
7:52 Loom
16:05 Castle Age
13:56 Double-Bit Axe
20:19 Fletching
23:08 Bow Saw
26:23 Pikeman
27:03 Squires
27:49 Fervor
27:59 Bloodlines
27:50 Husbandry
31:54 Wheelbarrow
GABS ONE
6:56 Loom
9:28 Feudal Age
9:36 Man-at-Arms
14:10 Horse Collar
15:23 Double-Bit Axe
21:19 Castle Age
19:29 Gold Mining
20:25 Scale Barding Armor
20:47 Forging
21:24 Bloodlines
22:02 Heavy Plow
22:14 Bow Saw
24:11 Wheelbarrow
23:35 Elite Skirmisher
24:46 Chain Barding Armor
24:44 Fletching
25:32 Padded Archer Armor
26:46 Bodkin Arrow
27:23 Leather Archer Armor
27:13 Husbandry
28:19 Gold Shaft Mining
30:55 Iron Casting
31:57 Hand Cart
Connection lost

Rejoining the realm…

Still unreachable

The connection could not be restored.

Session expired

The server has moved on; the page needs a fresh start.